 Dungeon Crawl Stone Soup version 0.19.0-2-gae57169 (webtiles) character file.

658 Ladykiller69 the Conjurer (level 7, -2/32 HPs)
             Began as a Deep Elf Conjurer on Nov 4, 2016.
             Was a Follower of Hepliaklqana.
             Shot with an arrow by a centaur (7 damage)
             ... on level 5 of the Dungeon.
             The game lasted 00:14:57 (4171 turns).

Ladykiller69 the Conjurer (Deep Elf Conjurer)       Turns: 4171, Time: 00:14:58

Health: -2/32      AC:  4    Str:  5    XL:     7   Next: 29%
Magic:  10/18      EV: 15    Int: 22    God:    Hepliaklqana [*.....]
Gold:   331        SH:  0    Dex: 15    Spells: 2 memorised, 15 levels left

rFire  . . .     SeeInvis .     (no weapon)
rCold  . . .     Gourm    .     a - +0 robe
rNeg   . . .     Faith    .     (no shield)
rPois  .         Spirit   .     v - +1 hat
rElec  .         Reflect  .     g - +0 cloak
rCorr  .         Harm     .     (no gloves)
MR     .....                    (no boots)
Stlth  ++........               (no amulet)
                                (no ring)
                                (no ring)

@: very slightly contaminated
A: reduced essence
a: Recall Ancestor, Ancestor Identity, Renounce Religion


You were on level 5 of the Dungeon.
You worshipped Hepliaklqana.
Hepliaklqana was aware of your devotion.
You were not hungry.

You visited 1 branch of the dungeon, and saw 5 of its levels.

You collected 331 gold pieces.

Inventory:

Armour
 a - a +0 robe (worn)
 g - a +0 cloak (worn)
 h - a +0 buckler
 v - a +1 hat (worn)
Jewellery
 m - an uncursed ring of positive energy {unknown}
Scrolls
 c - a scroll of noise {unknown}
 f - 2 scrolls of recharging {unknown}
 i - a scroll of amnesia {unknown}
 l - 3 scrolls of blinking {unknown}
 n - 3 scrolls of fog {unknown}
 o - 2 scrolls of teleportation {unknown}
 p - 3 scrolls of remove curse {unknown}
 w - 3 scrolls of immolation {unknown}
 x - 2 scrolls of magic mapping {unknown}
 y - 2 scrolls of identify {unknown}
Potions
 e - a potion of agility {unknown}
 j - a potion of brilliance {unknown}
 k - a potion of curing {unknown}
 q - a potion of might {unknown}
 r - 3 potions of magic {unknown}
 s - a potion of invisibility {unknown}
 u - 2 potions of heal wounds {unknown}
 z - 2 potions of flight {unknown}
Books
 b - a book of Conjurations

   Spells                             Type                      Level
   a - Magic Dart                     Conjuration                  1
   b - Searing Ray                    Conjuration                  2
   c - Dazzling Spray                 Conjuration/Hexes            3
   d - Fulminant Prism                Conjuration/Hexes            4
   e - Iskenderun's Mystic Blast      Conjuration                  4
   f - Iskenderun's Battlesphere      Conjuration/Charms           5
Comestibles
 d - 3 meat rations
 t - 2 bread rations


   Skills:
 + Level 5.6 Dodging
 - Level 3.0 Stealth
 + Level 6.6 Spellcasting
 + Level 6.8 Conjurations


You had 15 spell levels left.
You knew the following spells:

 Your Spells              Type           Power        Failure   Level  Hunger
a - Magic Dart            Conj           ####         1%          1    None
b - Dazzling Spray        Conj/Hex       ###...       8%          3    #......


Dungeon Overview and Level Annotations

Branches:
Dungeon (5/15)
 Temple: D:4-7

Altars:
Cheibriados
Dithmenos
Fedhas
Hepliaklqana
Ru
Yredelemnul

Shops:
D:5 (

Annotations:
D:5 Nicoed's ghost, amateur DrTm


Message History

g - Guard the area. f - Follow me.
Anything else - Cancel.
Gang up on whom?
Press: ? - help, Dir - move target cursor, f/p - centaur
Aim: a centaur (moderately wounded, blind) Attack!
The centaur hits Ladybiller35 but does no damage.
Ladybiller35 hits the centaur.
The centaur barely misses Ladybiller35.
Ladybiller35 hits the centaur.
The centaur hits Ladybiller35!
The centaur wields an uncursed shortbow.
The centaur shoots an arrow.
The arrow closely misses Ladybiller35.
The arrow barely misses you.
Ladybiller35 hits the centaur.
The centaur is no longer blind.
The centaur shoots an arrow.
The arrow hits Ladybiller35!
Ladybiller35 closely misses the centaur.
The centaur shoots an arrow.
The arrow hits Ladybiller35!
Ladybiller35 is destroyed!
The centaur shoots an arrow.
The arrow hits you!
You die...

........##.# ##
#........'..#
##.##........####
.............#
#...........###### #
#................#
#.#.#..........###.#
#c#............#
#.(..@...(.....#
#.#.#..........#
#.(..#######.#
#...##(# #....# ####
#.####.#### #.)....#
#..##### ####..#
#.....#


You could see a centaur.

Vanquished Creatures
  3 ogres
  3 orc priests (D:4)
  A bullfrog skeleton (D:4)
  A hound (D:5)
  3 worker ants
  6 adders
  An adder zombie (D:4)
  An adder skeleton (D:4)
  2 leopard geckos
  6 orcs
  9 bats
  3 giant cockroaches
  12 goblins
  5 hobgoblins
  2 jackals (D:4)
  A quokka (D:5)
  3 frilled lizards
  5 kobolds
  5 rats
72 creatures vanquished.

Vanquished Creatures (collateral kills)
  2 worker ants (D:4)
  An adder (D:4)
  A worm (D:3)
  An orc (D:4)
  A frilled lizard (D:4)
6 creatures vanquished.

Vanquished Creatures (others)
  2 ancestors
2 creatures vanquished.

Grand Total: 80 creatures vanquished

Notes
Turn   | Place    | Note
-------+----------+-------------------------------------------
     0 | D:1      | Ladykiller69 the Deep Elf Conjurer began the quest for the Orb.
     0 | D:1      | Reached XP level 1. HP: 10/10 MP: 6/6
   393 | D:1      | Reached XP level 2. HP: 15/15 MP: 4/8
  1110 | D:2      | Reached XP level 3. HP: 19/19 MP: 8/10
  1284 | D:2      | Reached skill level 5 in Conjurations
  1289 | D:2      | Learned a level 3 spell: Dazzling Spray
  2150 | D:3      | Found a hazy altar of Hepliaklqana.
  2203 | D:3      | Became a worshipper of Hepliaklqana the Forgotten
  2235 | D:3      | Reached XP level 4. HP: 21/21 MP: 8/12
  2729 | D:4      | Reached XP level 5. HP: 24/25 MP: 8/14
  2836 | D:4      | Found a snail-covered altar of Cheibriados.
  2836 | D:4      | Found a basalt altar of Yredelemnul.
  2836 | D:4      | Found a blossoming altar of Fedhas.
  2836 | D:4      | Found a shadowy altar of Dithmenos.
  2836 | D:4      | Found a sacrificial altar of Ru.
  2955 | D:4      | Noticed an ogre
  2965 | D:4      | Killed an ogre
  2965 | D:4      | Reached skill level 5 in Spellcasting
  3080 | D:4      | Reached * piety under Hepliaklqana
  3107 | D:4      | Reached XP level 6. HP: 28/28 MP: 8/16
  3672 | D:5      | Entered Level 5 of the Dungeon
  3679 | D:5      | Reached skill level 5 in Dodging
  3727 | D:5      | Reached XP level 7. HP: 32/32 MP: 7/18
  3774 | D:5      | Noticed Nicoed's ghost (amateur DrTm)
  4026 | D:5      | Found Soget's Antique Weapon Boutique.
  4171 | D:5      | Shot with an arrow by a centaur

Skill      XL: |  1  2  3  4  5  6 |
---------------+-------------------+-----
Stealth        | 3 |  3.0
Conjurations   | 5 6 |  6.8
Dodging        | 3 4 5 |  5.6
Spellcasting   | 4 5 6 |  6.6

Action                   |  1- 3 |  4- 6 |  7- 9 || total
-------------------------+-------+-------+-------++-------
 Cast: Magic Dart        |    62 |   102 |    15 ||   179
       Dazzling Spray    |       |     2 |     8 ||    10
Invok: Ancestor Identity |     1 |     2 |       ||     3
       Recall Ancestor   |     1 |       |     1 ||     2
  Eat: Chunk             |     1 |     3 |     1 ||     5
       Bread ration      |     1 |       |       ||     1
Armor: Robe              |     3 |       |       ||     3
Dodge: Dodged            |     1 |     7 |     5 ||    13
